 Dungeon Crawl Stone Soup version 0.31-a0-233-g139696d (webtiles) character file.

Game seed: 7922350605360808188

276 hatwer the Digger (level 6, 0/39 HPs)
             Began as an Octopode Earth Elementalist on July 9, 2023.
             Slain by a scorpion (1 damage)
             ... on level 4 of the Dungeon.
             The game lasted 00:05:20 (3475 turns).

hatwer the Digger (Octopode Earth Elementalist)     Turns: 3475, Time: 00:05:21

Health: 0/39       AC:  1    Str:  8    XL:     6   Next: 25%
Magic:  2/10       EV: 13    Int: 19    God:
Gold:   228        SH:  0    Dex: 12    Spells: 2/10 levels left

rFire   . . .        a - +0 rapier
rCold   . . .        (no shield)
rNeg    . . .        (helmet restricted)
rPois   .            g - amulet of the acrobat
rElec   .            (no ring)
rCorr   .            (no ring)
SInv    .            (no ring)
Will    +....        (no ring)
Stlth   +++          (no ring)
HPRegen 0.26/turn    (no ring)
MPRegen 0.12/turn    (no ring)
                     (no ring)

%: acrobat
@: lethally poisoned (0 -> -12), enlightened, flying
A: almost no armour, amphibious, 8 rings, camouflage 1, gelatinous body 1,
(nimble swimmer 1), tentacles
a: no special abilities


You were on level 4 of the Dungeon.
You visited 1 branch of the dungeon, and saw 4 of its levels.

You collected 228 gold pieces.

Inventory:

Hand Weapons
 a - a +0 rapier (weapon)
 b - a +0 sling
Missiles
 r - a throwing net
Armour
 q - an orb of energy
Magical Staves
 j - a staff of conjuration
Jewellery
 g - an amulet of the acrobat (around mantle)
Wands
 k - a wand of mindburst (12)
Scrolls
 d - a scroll of blinking {unknown}
 l - a scroll of enchant armour {unknown}
 m - a scroll of revelation {unknown}
 n - a scroll of amnesia {unknown}
 s - a scroll of enchant weapon {unknown}
Potions
 c - 2 potions of attraction {unknown}
 e - a potion of haste {unknown}
 f - a potion of magic
 h - a potion of curing {unknown}
 i - 2 potions of might
 p - a potion of berserk rage {unknown}
 t - a potion of cancellation


   Skills:
 + Level 1.8 Fighting
 + Level 2.8 Dodging
 + Level 4.0 Stealth
 + Level 2.7 Spellcasting
 * Level 3.1 Transmutations
 * Level 4.2 Earth Magic


You had 2 spell levels left.
You knew the following spells:

 Your Spells              Type           Power      Damage    Failure   Level
a - Sandblast             Erth           36%        2d10      2%          1
b - Stone Arrow           Conj/Erth      20%        3d8       21%         3
c - Petrify               Tmut/Erth      16%        N/A       34%         4

Your spell library contained the following spells:

 Spells                   Type           Power      Damage    Failure   Level
 Passwall                 Tmut/Erth      13%        N/A       5%          2
 Apportation              Tloc           4%         N/A       16%         1
 Necrotise                Necr           8%         1d4       16%         1
 Shock                    Conj/Air       8%         1d3       16%         1
 Summon Small Mammal      Summ           8%         N/A       16%         1
 Sublimation of Blood     Necr           2%         N/A       24%         2
 Inner Flame              Hex/Fire       2%         N/A       43%         3
 Swiftness                Air            2%         N/A       43%         3
 Airstrike                Air            1%         2d(1-17)  83%         4
 Flame Wave               Conj/Fire      2%         2d4       83%         4
 Manifold Assault         Tloc           2%         N/A       83%         4
 Sticky Flame             Conj/Fire      2%         2d3       83%         4
 Irradiate                Conj/Tmut      4%         3d13      93%         5
 Dispersal                Tloc           1%         N/A       100%        6
 Disjunction              Tloc           1%         N/A       100%        8


Dungeon Overview and Level Annotations

Branches:
Dungeon (4/15)
 Temple: D:4-7

Altars:
Ru

Annotations:
D:4 Eustachio


Innate Abilities, Weirdness & Mutations

You cannot wear most types of armour.
You are amphibious.
You can wear up to eight rings at the same time.
Your skin changes colour to match your surroundings (Stealth+).
Your rubbery body absorbs attacks. (AC +1, EV +1)
((You are camouflaged when in or above water. (Stealth+)))
You have tentacles for arms and can constrict up to eight enemies at once.


Message History

Press: ? - help, Shift-Dir - straight line, f/p - scorpion
Aim: a scorpion (heavily wounded, constricted by you, 100% to hit)
The blast of sand hits the scorpion but does no damage.
The scorpion is heavily wounded.
You constrict the scorpion, but do no damage.
You feel sick.
You are no longer poisoned.
The scorpion stings you. The scorpion misses you.
You hit the scorpion.
The scorpion is heavily wounded.
You constrict the scorpion, but do no damage.
Eustachio calls on the powers of shadow!
Eustachio gestures wildly while chanting.
The scorpion stings you.
You are poisoned.
The scorpion poisons you!
It was a potion of might.
You feel very mighty all of a sudden.
You constrict the scorpion.
You feel sick. The scorpion stings you.
* * * LOW HITPOINT WARNING * * *
You are lethally poisoned!
The scorpion poisons you!
Unknown command.
Unknown command.
It was a potion of cancellation.
Your magical effects are unravelling.
You feel magically purged.
You feel a little less mighty now.
You constrict the scorpion, but do no damage.
* * * LOW HITPOINT WARNING * * *
You feel very sick. The scorpion barely misses you.
Unknown command.
It was a potion of enlightenment.
You feel very buoyant.
You fly up into the air.
You constrict the scorpion.
* * * LOW HITPOINT WARNING * * *
You feel very sick. The scorpion stings you.
You die...

#.# #.# ###.#
#.#######.###
#
#....##.....#
####.##.....#
#...........#
#.##.##..(..#
#.##.##.....#
#....##.#####
#@#####.#
###s#####.#
#.@br..)..#
#.#r##.####
#.#.. .. #
### ##


You could see Eustachio, a scorpion, 2 quokkas and a bat (summoned).

Vanquished Creatures
  A scorpion (D:4)
  An orc priest (D:3)
  4 adders
  7 gnolls
  5 worms
  2 dart slugs
  3 orcs (D:3)
  4 ball pythons
  4 bats
  6 endoplasms
  3 giant cockroaches
  5 goblins
  5 hobgoblins
  6 jackals (D:1)
  4 kobolds
  3 quokkas
  2 frilled lizards (D:3)
  3 rats
68 creatures vanquished.

Notes
Turn   | Place    | Note
-------+----------+-------------------------------------------
     0 | D:1      | hatwer the Octopode Earth Elementalist began the quest for
                  | the Orb.
     0 | D:1      | Reached XP level 1. HP: 11/11 MP: 3/3
     7 | D:1      | Noticed a swamp worm
     7 | D:1      | Noticed a black bear
     8 | D:1      | Noticed a scorpion
     8 | D:1      | Noticed a black mamba
   454 | D:1      | Reached XP level 2. HP: 13/17 MP: 3/5
   843 | D:1      | Reached XP level 3. HP: 22/22 MP: 6/6
   852 | D:1      | Learned a level 3 spell: Stone Arrow
  1543 | D:2      | Reached skill level 1 in Fighting
  1919 | D:3      | Reached XP level 4. HP: 28/28 MP: 7/7
  1933 | D:3      | Found a sacrificial altar of Ru.
  2654 | D:3      | Reached XP level 5. HP: 33/33 MP: 2/8
  3010 | D:3      | Learned a level 4 spell: Petrify
  3346 | D:4      | Reached XP level 6. HP: 39/39 MP: 0/10
  3459 | D:4      | Noticed Eustachio
  3475 | D:4      | HP: 1/39 [poisoned by a scorpion]
  3475 | D:4      | Slain by a scorpion

Illustrated notes

Levels and vault maps discovered:
D:1:      onia_arrival_zoo_common, layout_basic
D:2:      layout_basic
D:3:      minmay_recursive_quarters, layout_basic, lemuel_doored_altar
D:4:      layout_loops_cross, serial_shops, shop, uniq_eustachio

Skill      XL: |  1  2  3  4  5 |
---------------+----------------+-----
Stealth        | 3 4 |  4.0
Transmutations | 2 3 |  3.1
Fighting       | 1 |  1.8
Earth Magic    | 4 |  4.2
Dodging        | |  2.8
Spellcasting   | |  2.7

Action                     |  1- 3 |  4- 6 || total
---------------------------+-------+-------++-------
  Melee: Unarmed           |    16 |       ||    16
         Tentacles         |    12 |     6 ||    18
         Constrict         |    11 |     7 ||    18
         Rapier            |    28 |    30 ||    58
         Punch             |     1 |       ||     1
   Fire: Sling             |    81 |    80 ||   161
   Cast: Sandblast         |     6 |    15 ||    21
         Stone Arrow       |     1 |     7 ||     8
    Use: Potion            |       |     3 ||     3
   Stab: Sleeping          |     4 |       ||     4
 Armour: Skin              |     4 |     3 ||     7
  Dodge: Dodged            |    46 |    58 ||   104

Table legend: (Time is in decaauts)
 A = Elapsed time spent in this place.
 B = Non-inter-level travel time spent in this place.
 C = Inter-level travel time spent in this place.
 D = Time resting spent in this place.
 E = Time spent auto-exploring this place.
 F = Levels seen in this place.
 G = Mean time per level.
                   A        B        C        D        E       F      G
               +--------+--------+--------+--------+--------+-----+--------+
         Total |   3539 |   3320 |    219 |      0 |   2743 |   4 |  884.8 |
       Dungeon |   3539 |   3320 |    219 |      0 |   2743 |   4 |  884.8 |
               +--------+--------+--------+--------+--------+-----+--------+

Top non-repeatable levels by time:
     D:3: 1197 daAuts
     D:1: 1052 daAuts
     D:2: 867 daAuts
     D:4: 421 daAuts
